Map: [ESL] Inside and Out

Players

NightMare - Winner!

  • Race: Protoss Protoss
  • Spawn Location: 7:00

BabyMarine

  • Race: Terran Terran
  • Spawn Location: 1:00

Event: DreamHack SC2 Masters 2022 Valencia

VOD

Have the link to the VOD?

Description

Time

  • Played on: July 1, 2022, 10 a.m.
  • Length: 8:16

All games in this series

Show
View Real Time Build Order
Export as new Build Order

NightMare Protoss - Winner!

Build Orders: 1 Gate Expand, Blink Stalkers 

Get SALT Encoding   

  12  0:00  Probe  
  13  0:12  Probe  
  14  0:17  Pylon  
  14  0:24  Probe (Chrono Boost)  
  15  0:36  Probe (Chrono Boost), Gateway  
  16  0:44  Probe (Chrono Boost)  
  16  0:46  Assimilator  
  17  0:51  Probe  
  18  1:03  Probe  
  19  1:15  Probe  
  20  1:23  Cybernetics Core  
  22  1:34  Nexus  
  22  1:38  Pylon  
  20  1:42  Probe  
  21  1:47  Assimilator  
  21  1:54  Probe  
  22  1:57  Adept (Chrono Boost)  
  24  2:04  Shield Battery  
  24  2:06  Probe  
  25  2:10  Warp Gate  
  25  2:18  Probe  
  25  2:22  Stalker  
  28  2:30  Probe  
  29  2:38  Twilight Council  
  29  2:43  Probe  
  30  2:46  Probe (Chrono Boost)  
  31  2:52  Stalker  
  31  2:55  Probe (Chrono Boost)  
  31  2:58  Probe (Chrono Boost)  
  35  3:05  Probe (Chrono Boost)  
  37  3:06  Probe (Chrono Boost), Blink (Chrono Boost)  
  37  3:10  Probe (Chrono Boost)  
  37  3:12  Probe  
  39  3:21  Probe  
  39  3:24  Pylon, Probe  
  41  3:33  Probe  
  42  3:36  Probe  
  42  3:40  Gateway  
  41  3:43  Gateway  
  41  3:45  Probe  
  42  3:48  Probe  
  42  3:49  Robotics Facility  
  43  3:57  Probe  
  43  3:58  Stalker  
  43  4:00  Probe  
  47  4:08  Nexus  
  47  4:12  Pylon  
  47  4:13  Probe  
  47  4:15  Probe  
  49  4:22  Forge  
  49  4:23  Stalker  
  51  4:27  Probe x2  
  53  4:36  Observer (Chrono Boost)  
  54  4:38  Shield Battery  
  54  4:40  Stalker  
  54  4:41  Stalker, Assimilator  
  58  4:46  Probe  
  58  4:47  Pylon, Probe  
  51  5:01  Stalker  
  51  5:03  Stalker  
  51  5:04  Stalker  
  51  5:06  Probe x2  
  59  5:18  Probe x2  
  59  5:29  Stalker x3  
  59  5:30  Probe  
  59  5:31  Probe x2  
  59  5:32  Protoss Ground Weapons Level 1 (Chrono Boost)  
  67  5:43  Probe x3  
  67  5:49  Charge (Chrono Boost)  
  69  5:56  Pylon  
  69  5:57  Gateway  
  69  6:00  Probe x3, Gateway  
  69  6:02  Observer  
  69  6:03  Gateway  
  73  6:06  Gateway  
  73  6:12  Probe x3  
  76  6:19  Pylon  
  76  6:21  Gateway  
  76  6:23  Observer (Chrono Boost)  
  76  6:25  Probe x3  
  80  6:29  Zealot x2  
  80  6:30  Zealot  
  86  6:37  Warp Prism (Chrono Boost)  
  86  6:41  Pylon  
  86  6:42  Pylon  
  88  6:47  Probe  
  88  6:48  Probe  
  90  6:54  Nexus  
  90  6:58  Zealot  
  92  7:04  Robotics Bay  
  92  7:07  Observer  
  92  7:08  Pylon  
  93  7:11  Zealot x4  
  100  7:16  Zealot x2  
  100  7:17  Zealot  
  106  7:24  Robotics Facility, Shield Battery  
  106  7:28  Observer, Pylon  
  107  7:34  Pylon  
  107  7:39  Probe x3  
  106  7:52  Zealot x7  
  106  7:58  Probe x3  
  117  8:12  Zealot x8  
Show
View Real Time Build Order
Export as new Build Order

BabyMarine Terran 

Build Orders:  

Get SALT Encoding   

  12  0:00  SCV  
  13  0:12  SCV  
  14  0:17  Supply Depot  
  14  0:24  SCV  
  15  0:38  SCV  
  15  0:39  Barracks  
  16  0:43  Refinery  
  16  0:50  SCV  
  17  1:02  SCV  
  18  1:15  SCV  
  19  1:26  Marine  
  19  1:27  Orbital Command  
  20  1:44  Command Center  
  20  1:47  Barracks Reactor  
  20  1:52  SCV  
  21  1:58  Supply Depot  
  21  2:05  SCV  
  22  2:10  Factory  
  22  2:17  SCV  
  23  2:23  Marine x2  
  23  2:27  Refinery  
  23  2:29  SCV  
  26  2:41  SCV, Marine x2  
  29  2:53  SCV  
  29  2:55  Starport  
  29  2:57  Orbital Command  
  30  3:01  Marine, Widow Mine  
  33  3:06  SCV  
  34  3:14  Marine  
  34  3:19  SCV  
  35  3:20  Supply Depot  
  35  3:22  Widow Mine  
  38  3:27  SCV  
  37  3:37  SCV  
  37  3:38  Medivac  
  37  3:40  Marine x2  
  42  3:44  Factory Tech Lab  
  42  3:45  SCV  
  43  3:50  SCV  
  43  3:54  Supply Depot  
  44  3:57  SCV  
  44  3:58  Marine x2  
  47  4:03  Siege Tank  
  47  4:08  SCV  
  47  4:09  Barracks  
  51  4:14  SCV  
  51  4:15  Liberator  
  55  4:22  SCV  
  55  4:23  Marine, Supply Depot  
  57  4:26  Marine  
  57  4:27  SCV  
  59  4:34  SCV  
  60  4:44  Siege Tank  
  60  4:45  Barracks, Supply Depot  
  63  4:46  SCV  
  63  4:50  SCV  
  65  4:54  Marine x2  
  65  4:58  Barracks Tech Lab  
  63  5:00  SCV  
  63  5:02  SCV  
  63  5:03  Starport Tech Lab  
  63  5:04  Supply Depot  
  63  5:05  Starport Reactor  
  65  5:11  Engineering Bay  
  65  5:12  Refinery, SCV, Supply Depot  
  65  5:17  Marine x2  
  65  5:20  SCV  
  68  5:22  Siege Tank  
  66  5:29  Marauder  
  61  5:37  SCV x2  
  61  5:40  Marine  
  61  5:41  Marine  
  60  5:47  Barracks Tech Lab, Stimpack  
  60  5:49  SCV x2  
  59  5:52  Refinery, Marauder  
  61  5:59  Marine x2  
  61  6:00  Marauder  
  65  6:04  Factory Reactor  
  65  6:06  SCV x2  
  65  6:07  Combat Shield  
  65  6:10  Supply Depot  
  67  6:14  Marauder  
  67  6:17  Marine  
  67  6:18  Marine  
  71  6:22  Terran Infantry Weapons Level 1  
  71  6:24  SCV x2, Marauder  
  75  6:35  Marine  
  75  6:36  SCV, Marauder  
  79  6:43  Widow Mine  
  79  6:44  Widow Mine  
  79  6:46  Command Center  
  83  6:47  Supply Depot  
  83  6:48  SCV  
  83  6:51  Marine, Marauder  
  87  6:57  Medivac x2  
  87  6:59  Marauder  
  87  7:00  SCV  
  94  7:04  Widow Mine  
  94  7:05  Widow Mine  
  98  7:10  Marine x2  
  98  7:14  Missile Turret  
  100  7:17  Marauder  
  100  7:18  Supply Depot  
  100  7:20  SCV x2  
  106  7:23  Marauder  
  106  7:26  Widow Mine  
  106  7:27  Concussive Shells, Widow Mine  
  110  7:40  Barracks, SCV x2  
  110  7:41  Barracks  
  110  7:42  Supply Depot  
  110  7:43  Supply Depot  
  112  7:50  Marine  
  112  7:51  Marine, Marauder x2  
  115  7:57  SCV x2  

Tags
 
Add a new tag
Caveats
  • Supply blocks, unpowered buildings, or Contaminate may cause inaccurate times.
  • Supply counts are checked every 10 seconds.